 Dungeon Crawl Stone Soup version 0.29.1-15-g9cfb28693d (webtiles) character file.

Game seed: 1335869402862090341

419786 devnull the Merfolkian Porcupine (level 23, -2/196 HPs)
             Began as a Merfolk Gladiator on Apr 18, 2023.
             Was a High Priest of Zin.
             Slain by a rockslime (7 damage)
             ... created by the Royal Jelly
             ... on level 5 of the Pits of Slime on Apr 22, 2023.
             The game lasted 03:37:46 (60049 turns).

devnull the Merfolkian Porcupine (MfGl)            Turns: 60049, Time: 03:37:46

Health: -2/196     AC:  3    Str: 23    XL:     23   Next: 68%
Magic:  29/38      EV: 38    Int:  9    God:    Zin [*****.]
Gold:   3502       SH:  5    Dex: 27    Spells: 22/22 levels left

rFire   . . .      SeeInvis .   a - +8 bardiche (elec)
rCold   . . .      Faith    .   (shield currently unavailable)
rNeg    . . .      Spirit   .   M - +1 troll leather armour
rPois   .          Reflect  +   F - +2 helmet
rElec   .          Harm     .   T - +2 cloak
rCorr   .          Rampage  .   u - +2 pair of gloves {Dex+3}
Will    ++...                   Z - +0 pair of boots of Plog {Stlth+}
Stlth   ++++++....              Q - amulet of reflection
HPRegen 1.22/turn               Y - +6 ring of dexterity
MPRegen 0.26/turn               V - ring "Ikhlesky" {Fly Will+ Dex+2}

@: mighty, reciting, corroded, flying, studying 4 skills
A: (nimble swimmer 2), mertail
}: 2/15 runes: serpentine, barnacled
a: Renounce Religion, Recite, Vitalisation, Imprison, Sanctuary, Donate Gold


You were on level 5 of the Pits of Slime.
You worshipped Zin.
Zin was extremely pleased with you.
You visited 9 branches of the dungeon, and saw 43 of its levels.
You visited the Abyss 3 times.
You also visited: Gauntlet.

You collected 5700 gold pieces.
You spent 1801 gold pieces at shops.
You donated 397 gold pieces to Zin.

Inventory:

Hand Weapons
 a - a +8 bardiche of electrocution (weapon)
 b - the +9 dagger of the Unkillable {flame, Will+ Str+7 Int+4}
   (You found it on level 1 of the Elven Halls)

   It burns those it strikes, dealing additional fire damage.
   Str:       It affects your strength (+7).
   Int:       It affects your intelligence (+4).
   Will:      It increases your willpower.
 j - the +5 dagger of Sazoappo {vorpal, Str+2 SInv}
   (You found it on level 15 of the Dungeon)

   It inflicts extra damage upon your enemies.
   Str:       It affects your strength (+2).
   SInv:      It lets you see invisible.
 I - a +1 quick blade of holy wrath
Missiles
 d - 11 throwing nets {!f}
 E - 46 poisoned darts
 N - 11 silver javelins (quivered)
 O - 2 boomerangs of dispersal
 X - 7 curare-tipped darts
Armour
 u - a +2 pair of gloves of dexterity (worn)
 B - a +2 leather armour of cold resistance
 F - a +2 helmet (worn)
 M - a +1 troll leather armour (worn)
 T - a +2 cloak (worn)
 W - a +0 ring mail of fire resistance
 Z - the +0 pair of boots of Plog (worn) {Stlth+}
   (You found it in a Gauntlet)

   Stlth:     It makes you more stealthy.
Jewellery
 v - a ring of fire
 z - a +4 ring of evasion
 C - a ring of ice
 Q - an amulet of reflection (around neck)
 V - the ring "Ikhlesky" (right hand) {Fly Will+ Dex+2}
   (You acquired it on level 1 of the Elven Halls)

   [ring of flight]

   Dex:       It affects your dexterity (+2).
   Fly:       It grants you flight.
   Will:      It increases your willpower.
 Y - a +6 ring of dexterity (left hand)
Wands
 e - a wand of quicksilver (21)
 w - a wand of digging (5)
 y - a wand of iceblast (35)
 K - a wand of mindburst (11)
 P - a wand of flame (1)
 S - a wand of paralysis (15)
Scrolls
 g - 3 scrolls of summoning
 l - 5 scrolls of fear
 m - 3 scrolls of brand weapon
 p - 11 scrolls of teleportation
 q - 15 scrolls of identify
 r - 10 scrolls of immolation
 s - 8 scrolls of magic mapping
 t - 8 scrolls of butterflies
 D - 3 scrolls of amnesia
 G - 4 scrolls of blinking
 J - 2 scrolls of enchant armour
 R - a scroll of silence
Potions
 c - a potion of ambrosia
 f - 12 potions of curing
 h - a potion of resistance
 i - 6 potions of haste
 k - 5 potions of cancellation
 n - 5 potions of flight
 o - 6 potions of attraction
 x - 4 potions of invisibility
 A - 6 potions of might
 H - 7 potions of brilliance
 L - 5 potions of magic
 U - 4 potions of heal wounds


   Skills:
 - Level 20.0 Fighting
 - Level 5.0 Short Blades
 O Level 27 Polearms
 - Level 6.0 Throwing
 + Level 26.1 Dodging
 - Level 10.0 Stealth
 + Level 23.3 Invocations


You had 22 spell levels left.
You didn't know any spells.
Your spell library contained the following spells:

 Spells                   Type           Power      Damage    Failure   Level
 Freeze                   Ice            0%         1d3       43%         1
 Magic Dart               Conj           0%         1d3       43%         1
 Sandblast                Erth           0%         2d4       43%         1
 Shock                    Conj/Air       0%         1d3       43%         1
 Slow                     Hex            0%         N/A       43%         1
 Sting                    Tmut/Pois      0%         1d3       43%         1
 Call Imp                 Summ           0%         N/A       56%         2
 Ensorcelled Hibernation  Hex/Ice        0%         N/A       56%         2
 Passwall                 Tmut/Erth      0%         N/A       56%         2
 Poisonous Vapours        Pois/Air       0%         N/A       56%         2
 Scorch                   Fire           0%         2d5       56%         2
 Searing Ray              Conj           0%         2d4       56%         2
 Sublimation of Blood     Necr           0%         N/A       56%         2
 Confusing Touch          Hex            0%         N/A       80%         3
 Conjure Flame            Conj/Fire      0%         6-21      80%         3
 Dazzling Flash           Conj/Hex       0%         N/A       80%         3
 Frozen Ramparts          Ice            0%         1d1       80%         3
 Gell's Gravitas          Tloc           0%         N/A       80%         3
 Ignite Poison            Fire/Tmut/Pois 0%         N/A       80%         3
 Inner Flame              Hex/Fire       0%         N/A       80%         3
 Lesser Beckoning         Tloc           0%         N/A       80%         3
 Mephitic Cloud           Conj/Pois/Air  0%         N/A       80%         3
 Stone Arrow              Conj/Erth      0%         3d7       80%         3
 Swiftness                Air            0%         N/A       80%         3
 Teleport Other           Tloc           0%         N/A       80%         3
 Airstrike                Air            0%         2d(0-16)  99%         4
 Animate Armour           Summ/Erth      0%         N/A       99%         4
 Flame Wave               Conj/Fire      0%         2d4       99%         4
 Hailstorm                Conj/Ice       0%         3d3       99%         4
 Ice Form                 Ice/Tmut       0%         N/A       99%         4
 Iskenderun's Mystic Bla  Conj/Tloc      0%         2d3       99%         4
 Olgreb's Toxic Radiance  Pois           0%         N/A       99%         4
 Passage of Golubria      Tloc           0%         N/A       99%         4
 Petrify                  Tmut/Erth      0%         N/A       99%         4
 Sticky Flame             Conj/Fire      0%         2d3       99%         4
 Agony                    Necr           0%         N/A       100%        5
 Freezing Cloud           Conj/Ice/Air   0%         6-21      100%        5
 Irradiate                Conj/Tmut      0%         3d11      100%        5
 Metabolic Englaciation   Hex/Ice        0%         N/A       100%        5
 Silence                  Hex/Air        0%         N/A       100%        5
 Summon Forest            Summ/Tloc      0%         N/A       100%        5
 Conjure Ball Lightning   Conj/Air       0%         3x3d6     100%        6
 Dispersal                Tloc           0%         N/A       100%        6
 Eringya's Noxious Bog    Tmut/Pois      0%         N/A       100%        6
 Simulacrum               Ice/Necr       0%         N/A       100%        6
 Starburst                Conj/Fire      0%         6d3       100%        6
 Summon Cactus Giant      Summ           0%         N/A       100%        6
 Enfeeble                 Hex            0%         N/A       100%        7
 Summon Hydra             Summ           0%         N/A       100%        7
 Discord                  Hex            0%         N/A       100%        8
 Disjunction              Tloc           0%         N/A       100%        8
 Ignition                 Fire           0%         3d3       100%        8
 Lehudib's Crystal Spear  Conj/Erth      0%         10d2      100%        8
 Fire Storm               Conj/Fire      0%         5d1       100%        9


Dungeon Overview and Level Annotations

Branches:
Dungeon (15/15)            Temple (1/1) D:6            Lair (5/5) D:10
 Shoals (4/4) Lair:2        Snake (4/4) Lair:2        Slime (5/5) Lair:5
    Orc (2/2) D:9             Elf (3/3) Orc:2        Vaults (4/5) D:13
  Crypt (0/3) Vaults:3     Depths (0/4) D:15        Gauntlet (visited)

Altars:
Ashenzari
Cheibriados
Dithmenos
Elyvilon
Fedhas
Gozag
Hepliaklqana
Kikubaaqudgha
Makhleb
Nemelex Xobeh
Okawaru
Qazlal
Ru
Sif Muna
Trog
Uskayaw
Vehumet
Wu Jian
Xom
Yredelemnul
Zin
The Shining One
Jiyva

Shops:
D:1 !!(!:   D:14 (   D:15 (   Orc:1 *   Orc:2 ((:?!   Elf:3 [   Snake:2 (
Vaults:4 ?[

Portals:
Trove: D:11 (give +7 demon whip)

Annotations:
Vaults:5 !no


Innate Abilities, Weirdness & Mutations

((You are very nimble when in or above water. (Stealth+, EV+, Speed+++)))
Your lower body shifts to a powerful aquatic tail in water.


Message History

You are shoved backwards!
You slash the rockslime!
The rockslime is heavily wounded.
The rockslime misses you.
You hit the rockslime but do no damage.
The rockslime is heavily wounded.
The rockslime completely misses you. You block the acid blob's attack.
You slice the rockslime like a ripe choko!!!
You kill the rockslime!
That felt strangely unrewarding.
The rockslime hits you!!
* * * LOW HITPOINT WARNING * * *
You are shoved backwards!
Reach: a) +8 bardiche (elec)
Press: ? - help, Dir - move target, f - acid blob
Aim: an acid blob (moderately wounded, about 8% to evade your +8 bardiche of electrocution)
You reach to attack!
You slash the acid blob!
The acid blob is moderately wounded.
You slash the acid blob!
Your hands burn!
* * * LOW HITPOINT WARNING * * *
The acid blob is heavily wounded.
The rockslime completely misses you. The acid blob spits acid at you.
The splash of acid hits you!
* * * LOW HITPOINT WARNING * * *
Activating: Recite (0% risk of failure)
Press: ? - help, Dir - look around, f - activate You clear your throat and prepare to recite. "Damned, damned be the hordes of the Abyss and..."
The azure jelly is limned with silver light.
The azure jelly is seared!
The rockslime completely misses you.
The quicksilver ooze completely misses you.
The quicksilver ooze hits you!
* * * LOW HITPOINT WARNING * * *
You feel your power leaking away. The acid blob hits you.
* * * LOW HITPOINT WARNING * * *
The acid corrodes you!
You are splashed with acid!
* * * LOW HITPOINT WARNING * * *
The rockslime hits you!
You die...

...............###:$.=...#|#!(##
..............###$[|?....##:)/?#
...............##$)φ}!...#/[?}$#
................##))(##..##"}$##
................###)?(#.## ?(###.
.................###$##..# ##...
................J.######.### ....
...............JJJ..##...#.##....
.....<..........@................
#.#..............................
####.............................
##.#..........................
####.........................
##..........................
#...........................
##..........................
#...........................


You could see an acid blob, an azure jelly (corona), a rockslime and a
quicksilver ooze.

Vanquished Creatures
  the Royal Jelly (Slime:5)
  Mara (Snake:3)
  Saint Roka (Snake:2)
  2 bone dragons
  Zenata (Vaults:1)
  A deep elf master archer (Elf:3)
  2 deep elf blademasters
  2 tentacled starspawn (Abyss:2)
  16 acid blobs
  A kraken (Shoals:3)
  Kirke (Snake:1)
  Donald (Snake:3)
  5 nagarajas (Snake:4)
  8 azure jellies
  A fire giant (Vaults:2)
  9 rockslimes
  The ghost of Bunnuime the Ruinous, an adept DECj of Sif Muna (Snake:2)
  3 frost giants
  3 deep elf sorcerers
  4 orc warlords
  8 vault wardens
  11 ironbound preservers
  A quicksilver ooze (shapeshifter) (Vaults:1)
  5 deep elf elementalists
  6 quicksilver oozes
  10 very ugly things
  A war gargoyle (Vaults:1)
  3 entropy weavers
  8 ironbound thunderhulks
  3 deep elf demonologists (Elf:3)
  8 dire elephants
  A minotaur (Gauntlet)
  12 deep elf annihilators
  A fire dragon (Lair:5)
  3 eidola
  8 merfolk javelineers
  6 deep elf death magi (Elf:3)
  An ettin (Vaults:1)
  A crystal guardian (Vaults:4)
  A blizzard demon (Gauntlet)
  15 merfolk impalers
  2 deep elf high priests
  16 great orbs of eyes
  5 yaktaur captains
  11 hydras
  A rakshasa (Abyss:2)
  Fannar (D:10)
  11 anacondas
  6 vault guards
  7 boulder beetles
  8 ironbound frosthearts
  2 salamander tyrants
  2 merfolk avatars
  3 ghost crabs (Vaults:1)
  A catoblepas (Lair:5)
  2 peacekeepers
  An alligator snapping turtle (Shoals:2)
  The ghost of BlueFalcon the Lord of Darkness, a novice NaVM of Kikubaaqudgha (D:8)
  18 naga warriors
  A death knight (Abyss:2)
  5 centaur warriors
  6 merfolk aquamancers
  Erica (D:11)
  31 dancing weapons
  3 satyrs
  9 two-headed ogres
  13 death yaks
  An orc high priest (Orc:2)
  Urug (D:10)
  8 thrashing horrors (Abyss:2)
  A tengu warrior (D:14)
  11 naga sharpshooters
  A shock serpent (Snake:2)
  Sonja (D:13)
  4 wretched stars (Abyss:2)
  A fire crab (Vaults:1)
  3 salamander mystics
  A sun demon (Abyss:2)
  19 deep elf knights
  A sixfirhy (Abyss:2)
  11 sea snakes
  A shadow wraith (Abyss:2)
  A storm dragon skeleton (Vaults:1)
  6 skeletal warriors
  A glowing orange brain (Vaults:4)
  15 deep elf archers
  2 flayed ghosts
  29 deep trolls
  17 harpies
  6 wizards
  5 naga ritualists
  13 ironbound convokers
  16 lindwurms
  14 orc knights
  3 necromancers
  A phantasmal warrior (Abyss:2)
  Pikel (D:4)
  39 deep elf pyromancers
  27 deep elf zephyrmancers
  5 orc sorcerers
  A tengu skeleton (Vaults:1)
  2 oklob plants (Lair:5)
  14 ugly things
  12 fauns
  26 manticores
  8 shining eyes
  9 mana vipers
  A fire giant zombie (D:15)
  11 cyclopes
  An iron dragon zombie (D:15)
  29 salamanders
  A stone giant zombie (D:15)
  4 large abominations (Abyss:2)
  2 water nymphs
  28 black mambas
  7 torpor snails
  9 merfolk sirens
  An apocalypse crab (Abyss:2)
  An eye of devastation (Slime:5)
  12 naga magi
  3 smoke demons (Abyss:2)
  2 molten gargoyles (Vaults:1)
  17 vault sentinels
  6 guardian serpents
  A storm dragon simulacrum (Vaults:1)
  3 orange demons (Abyss:2)
  12 cane toads
  3 gargoyles
  An unseen horror (D:12)
  10 komodo dragons
  6 kobold demonologists
  15 yaktaurs
  3 rime drakes
  2 efreet (D:15)
  5 freezing wraiths
  38 merfolk
  3 ancient zymes (Abyss:2)
  11 polar bears
  A polar bear (shapeshifter) (Elf:3)
  Grinder (D:5)
  A queen bee (D:9)
  12 trolls
  4 tyrant leeches (Lair:5)
  7 wind drakes
  A shadow dragon simulacrum (Vaults:1)
  2 tarantellas
  A wolf spider simulacrum (D:15)
  101 slime creatures
  8 hornets (Lair:5)
  24 blink frogs
  11 saltlings (Orc:2)
  A spriggan zombie (D:15)
  6 raiju
  A tengu simulacrum (Vaults:1)
  3 dream sheep (D:7)
  9 snapping turtles
  An ettin zombie (Abyss:2)
  A centaur simulacrum (D:15)
  An air elemental (Elf:1)
  47 yaks
  A ynoxinul (Abyss:2)
  3 shadows
  12 starcursed masses (Abyss:2)
  7 wraiths
  A hog (Lair:2)
  17 golden eyes
  5 basilisks
  5 fire elementals
  A human (Snake:1)
  11 water elementals
  4 wyverns
  A steam dragon (D:8)
  4 redbacks (Vaults:1)
  3 neqoxecs (Abyss:2)
  2 chaos spawn (Abyss:2)
  10 vampire mosquitoes
  10 wargs
  45 nagas
  6 acid dragons
  A floating eye (Slime:3)
  16 water moccasins
  15 hell hounds (Lair:5)
  A glowing shapeshifter skeleton (Vaults:1)
  35 orc warriors
  4 ice beasts
  Duvessa (D:5)
  4 sky beasts
  12 black bears
  4 boggarts
  9 centaurs
  41 wolves
  2 phantoms
  7 ogres
  4 lemures
  5 kobold brigands
  11 small abominations
  14 bullfrogs
  2 scorpions
  2 gnoll sergeants
  An earth elemental (Abyss:2)
  9 wights
  Dowan (D:5)
  25 killer bees (D:9)
  9 howler monkeys
  4 lava snakes
  16 orc priests
  3 jellies
  3 hounds (D:6)
  2 gnoll boudas (D:7)
  Jessica (D:3)
  2 hell rats (Lair:1)
  3 iguanas
  16 orc wizards
  9 gnolls
  6 adders
  12 river rats (Lair:1)
  A shadow imp (D:7)
  A white imp (Abyss:2)
  2 worms
  A dart slug (D:5)
  97 orcs
  6 ball pythons
  3 bats
  8 endoplasms
  7 giant cockroaches
  7 goblins
  10 hobgoblins
  6 jackals
  4 quokkas
  3 training dummies (Orc:2)
  2 frilled lizards
  23 kobolds
  2 rats
  3 pillars of salt (Orc:2)
1820 creatures vanquished.

Vanquished Creatures (collateral kills)
  2 ironbound preservers (Vaults:1)
  2 killer bees (D:9)
  An orc (D:9)
5 creatures vanquished.

Vanquished Creatures (others)
  2 ogre magi
  A deep elf pyromancer (Elf:2)
  A water elemental (Shoals:2)
  2 humans (Snake:1)
  An orc wizard (D:11)
  23 fungi
  2 lurking horrors (Abyss:2)
  A pillar of salt (D:11)
  141 plants
  2 starspawn tentacles (Abyss:2)
  4 tentacles (Shoals:3)
  2 withered plants (D:15)
182 creatures vanquished.

Grand Total: 2007 creatures vanquished

Notes
Turn   | Place    | Note
-------+----------+-------------------------------------------
     0 | D:1      | devnull the Merfolk Gladiator began the quest for the Orb.
     0 | D:1      | Reached XP level 1. HP: 16/16 MP: 1/1
    51 | D:1      | Found Arghy's Book Shop.
   297 | D:1      | Found Pommiesch's Distillery.
   311 | D:1      | Bought a potion of curing for 39 gold pieces
   336 | D:1      | Found Zeung's Distillery.
   343 | D:1      | Reached XP level 2. HP: 20/22 MP: 2/2
   389 | D:1      | Reached skill level 5 in Polearms
   547 | D:1      | Bought a potion of degeneration for 11 gold pieces
   585 | D:1      | Reached XP level 3. HP: 27/27 MP: 3/3
   725 | D:1      | Found Ibifysy's Weapon Shoppe.
   728 | D:1      | Bought 4 atropa-tipped darts for 26 gold pieces
   742 | D:1      | Found a faded altar of an unknown god.
   758 | D:1      | Found Por Yvveaz's Distillery.
  1057 | D:1      | Reached skill level 6 in Polearms
  1339 | D:2      | Reached XP level 4. HP: 27/33 MP: 4/4
  1795 | D:1      | Bought a potion of heal wounds for 55 gold pieces
  2016 | D:3      | Noticed Jessica
  2016 | D:3      | Noticed a scorpion
  2026 | D:3      | Killed Jessica
  2027 | D:3      | Reached skill level 7 in Polearms
  2033 | D:3      | Killed a scorpion
  2034 | D:3      | Reached XP level 5. HP: 29/38 MP: 5/5
  2038 | D:3      | Reached skill level 8 in Polearms
  2148 | D:3      | Found a snail-covered altar of Cheibriados.
  2470 | D:3      | Noticed a phantom
  2500 | D:3      | Killed a phantom
  2501 | D:3      | Reached XP level 6. HP: 30/44 MP: 6/6
  2815 | D:4      | Found an opulent altar of Gozag.
  2824 | D:4      | Reached skill level 9 in Polearms
  2870 | D:4      | Found a hazy altar of Hepliaklqana.
  3778 | D:5      | Entered Level 5 of the Dungeon
  3780 | D:5      | Noticed Pikel
  4075 | D:5      | Noticed an ice beast
  4109 | D:4      | Killed an ice beast
  4110 | D:4      | Reached skill level 10 in Polearms
  4110 | D:4      | Reached XP level 7. HP: 45/50 MP: 7/7
  4376 | D:5      | Noticed Grinder
  4387 | D:5      | Paralysed by Grinder for 4 turns
  4589 | D:5      | Paralysed by Grinder for 4 turns
  4603 | D:5      | HP: 2/50 [Grinder/nerve-wracking pain (4)]
  4614 | D:5      | Killed Grinder
  4615 | D:5      | Reached skill level 11 in Polearms
  4854 | D:5      | Noticed Duvessa
  4855 | D:5      | Noticed Dowan
  4909 | D:4      | Killed Pikel
  4910 | D:4      | Reached skill level 13 in Polearms
  4910 | D:4      | Reached XP level 8. HP: 26/56 MP: 8/8
  5374 | D:5      | Found a glowing golden altar of the Shining One.
  5421 | D:5      | Reached skill level 5 in Dodging
  5716 | D:5      | Killed Duvessa
  5724 | D:5      | Killed Dowan
  5890 | D:6      | Found an ancient bone altar of Kikubaaqudgha.
  6011 | D:6      | Reached XP level 9. HP: 48/61 MP: 9/9
  6087 | D:6      | Reached skill level 5 in Stealth
  6263 | D:6      | Found a basalt altar of Yredelemnul.
  6446 | D:6      | Found a staircase to the Ecumenical Temple.
  6458 | Temple   | Entered the Ecumenical Temple
  6736 | D:5      | Became a worshipper of the Shining One
  7235 | D:6      | Reached skill level 14 in Polearms
  7828 | D:7      | Reached skill level 15 in Polearms
  8312 | D:7      | Reached skill level 16 in Polearms
  8776 | D:7      | Reached XP level 10. HP: 56/71 MP: 10/10
  8780 | D:7      | Reached skill level 5 in Fighting
  9486 | D:8      | Found a transporter.
  9490 | D:8      | Noticed BlueFalcon's ghost (novice NaVM)
  9490 | D:8      | Noticed a two-headed ogre
  9491 | D:8      | Found a transporter.
  9498 | D:8      | Noticed a boulder beetle
  9619 | D:8      | Found a shimmering blue altar of Sif Muna.
  9793 | D:8      | Noticed a two-headed ogre
  9808 | D:8      | Killed a two-headed ogre
  9969 | D:1      | Bought a potion of lignification for 33 gold pieces
  9973 | D:1      | Bought a potion of ambrosia for 88 gold pieces
 10017 | D:1      | Bought a potion of attraction for 39 gold pieces
 10061 | D:1      | Bought a potion of flight for 33 gold pieces
 10229 | D:8      | Reached * piety under the Shining One
 10462 | D:8      | Found a glowing silver altar of Zin.
 10510 | D:8      | Identified the +6 chain mail of Dogmatism {Regen+ rCorr}
 10553 | D:8      | Fell from the grace of the Shining One
 10553 | D:8      | Became a worshipper of Zin the Law-Giver
 10553 | D:8      | Reached * piety under Zin
 11254 | D:9      | Reached skill level 10 in Dodging
 11262 | D:9      | Reached skill level 1 in Invocations
 11402 | D:9      | Found a staircase to the Orcish Mines.
 12192 | D:9      | Reached skill level 5 in Invocations
 12316 | D:9      | Reached ** piety under Zin
 12483 | D:9      | Reached XP level 11. HP: 69/81 MP: 14/14
 12899 | D:9      | Reached skill level 17 in Polearms
 13137 | D:9      | Identified the +8 short sword of True Grit {pain, rCorr
                  | Int+4}
 13391 | D:10     | Entered Level 10 of the Dungeon
 13416 | D:10     | Noticed a two-headed ogre
 13428 | D:10     | Killed a two-headed ogre
 13876 | D:10     | Noticed Urug
 13887 | D:10     | Killed Urug
 13888 | D:10     | Reached skill level 18 in Polearms
 13904 | D:10     | Noticed Fannar
 13940 | D:10     | Killed Fannar
 13956 | D:10     | Found a staircase to the Lair.
 14399 | D:10     | Found a hide-covered altar of Uskayaw.
 14400 | D:10     | Found a white marble altar of Elyvilon.
 14436 | D:10     | Reached skill level 19 in Polearms
 14442 | D:10     | Reached *** piety under Zin
 14861 | Lair:1   | Entered Level 1 of the Lair of Beasts
 15031 | Lair:1   | Identified the +0 ring mail "Onuak" {Will+ Stlth+}
 15078 | Lair:1   | Reached XP level 12. HP: 36/88 MP: 12/15
 15079 | Lair:1   | Reached skill level 20 in Polearms
 15678 | Lair:1   | Reached **** piety under Zin
 15946 | Lair:2   | Found a staircase to the Snake Pit.
 16154 | Lair:2   | Noticed a five-headed hydra
 16170 | Lair:2   | Killed a five-headed hydra
 16236 | Lair:2   | Noticed a six-headed hydra
 16273 | Lair:2   | Killed a six-headed hydra
 16595 | Lair:2   | Noticed an eight-headed hydra
 16609 | Lair:2   | Killed an eight-headed hydra
 16721 | Lair:2   | Found a staircase to the Shoals.
 17255 | D:1      | Bought a potion of invisibility for 104 gold pieces
 17258 | D:1      | Bought a potion of heal wounds for 65 gold pieces
 17557 | Lair:3   | Reached XP level 13. HP: 50/100 MP: 17/17
 17948 | Lair:3   | Reached skill level 10 in Fighting
 18169 | Lair:3   | Reached ***** piety under Zin
 19810 | Lair:5   | Entered Level 5 of the Lair of Beasts
 19922 | Lair:5   | Reached skill level 10 in Stealth
 20133 | Lair:4   | Reached skill level 5 in Throwing
 20499 | Lair:4   | Reached XP level 14. HP: 65/110 MP: 18/18
 20554 | Lair:5   | Reached skill level 15 in Dodging
 20633 | Lair:5   | Found a runed translucent door.
 20762 | Lair:5   | Identified the +6 falchion of Summer {antimagic, rN+ Str+4
                  | Int+6}
 20777 | Lair:5   | Identified the +1 scale mail "Zovvomaume" {rF+}
 22435 | Lair:5   | Found a viscous altar of Jiyva.
 22437 | Lair:5   | Found a staircase to the Slime Pits.
 23220 | Lair:5   | Reached XP level 15. HP: 106/115 MP: 22/22
 23242 | Lair:5   | Reached ****** piety under Zin
 23445 | D:8      | Found a transporter.
 23450 | D:8      | Found a transporter.
 23534 | Orc:1    | Entered Level 1 of the Orcish Mines
 23535 | Orc:1    | Found a bloodstained altar of Trog.
 23546 | Orc:1    | Reached skill level 10 in Invocations
 23704 | Orc:1    | Found Oletun's General Store.
 23708 | Orc:1    | Found Horheq's Specific Store.
 23961 | Orc:1    | Noticed an orc warlord
 24011 | Orc:1    | Killed an orc warlord
 24221 | Orc:2    | Entered Level 2 of the Orcish Mines
 24227 | Orc:2    | Found a staircase to the Elven Halls.
 24644 | Orc:2    | Found Uptitini's Firing Range.
 24660 | Orc:2    | Bought 2 throwing nets for 84 gold pieces
 24753 | Orc:2    | Found Gaibi's Book Shoppe.
 24796 | Orc:2    | Found Rummeaf's Magic Scroll Shoppe.
 24818 | Orc:2    | Noticed an orc warlord
 24853 | Orc:2    | Killed an orc warlord
 24895 | Orc:2    | Found Rampial's Antique Weapon Shop.
 24901 | Orc:2    | Bought a glowing bardiche for 372 gold pieces
 25072 | Orc:2    | Found Zax Lisoezi's Distillery.
 25182 | Orc:2    | Bought a scroll of enchant weapon for 105 gold pieces
 25182 | Orc:2    | Bought a scroll of enchant weapon for 105 gold pieces
 25284 | D:11     | Noticed Erica
 25303 | D:11     | Killed Erica
 25381 | D:11     | Found a portal to a secret trove of treasure.
 26063 | D:12     | Found a gate leading to a gauntlet.
 26071 | Gauntlet | Entered a Gauntlet
 26071 | Gauntlet | Found a transporter.
 26078 | Gauntlet | Found a transporter.
 26080 | Gauntlet | Found a transporter.
 26094 | Gauntlet | Found a transporter.
 26102 | Gauntlet | Found a transporter.
 26125 | Gauntlet | Found the +5 glaive of the Guard {elec, spectral, AC+5}
 26127 | Gauntlet | Found a transporter.
 26135 | Gauntlet | Found a transporter.
 26143 | Gauntlet | Found a runed translucent gate.
 26143 | Gauntlet | Found a runed translucent gate.
 26143 | Gauntlet | Found a runed translucent gate.
 26147 | Gauntlet | Found a transporter.
 26162 | Gauntlet | Found a runed translucent door.
 26162 | Gauntlet | Found a runed translucent door.
 26166 | Gauntlet | Found a transporter.
 26180 | Gauntlet | Found a transporter.
 26180 | Gauntlet | Found a transporter.
 26228 | Gauntlet | Found a transporter.
 26242 | Gauntlet | Found a transporter.
 26285 | Gauntlet | Found a transporter.
 26403 | Gauntlet | Identified the +2 helmet of Ymuuh {+Inv Int+5 Dex-5}
 26427 | Gauntlet | Identified the +0 pair of boots of Plog {Stlth+}
 26507 | Gauntlet | Identified the +8 shortbow of Articulation {flame, rPois
                  | rF+ MP+9}
 26812 | D:12     | You fall into a shaft and drop 3 floors!
 26812 | D:15     | Entered Level 15 of the Dungeon
 26818 | D:15     | Found Dilased's Antique Weapon Shop.
 26960 | D:13     | Noticed Sonja
 26970 | D:13     | Killed Sonja
 27646 | D:12     | Reached skill level 21 in Polearms
 27706 | D:12     | Reached XP level 16. HP: 122/122 MP: 26/26
 28531 | D:13     | Identified the +7 short sword of Moral Flaws {speed,
                  | Stlth+}
 28716 | D:13     | Paralysed by something for 4 turns
 28990 | D:13     | Found a gate to the Vaults.
 29143 | D:13     | Found a runed translucent door.
 29148 | D:13     | Found a runed translucent door.
 29301 | D:13     | Found a runed translucent door.
 29434 | D:14     | Reached skill level 15 in Invocations
 29737 | D:14     | Found Gyaffoa's Antique Weapon Boutique.
 29830 | D:15     | Reached skill level 22 in Polearms
 29832 | D:15     | Identified the +5 dagger of Sazoappo {vorpal, Str+2 SInv}
 29861 | D:15     | Found a staircase to the Depths.
 30368 | D:15     | Found a shimmering blue altar of Sif Muna.
 30811 | Snake:1  | Entered Level 1 of the Snake Pit
 30876 | Lair:2   | Reached skill level 23 in Polearms
 30946 | Snake:1  | Noticed Kirke
 31045 | Snake:1  | Killed Kirke
 31217 | Snake:1  | Reached skill level 24 in Polearms
 31727 | Snake:2  | Reached XP level 17. HP: 105/128 MP: 28/28
 32143 | Snake:2  | Noticed Saint Roka
 32173 | Snake:2  | HP: 6/128 [salamander/+0 trident (15)]
 32571 | Snake:2  | Found Col Vaes's Weapon Emporium.
 32952 | Snake:2  | Killed Saint Roka
 33846 | Shoals:1 | Entered Level 1 of the Shoals
 34932 | Shoals:2 | Found a shimmering blue altar of Sif Muna.
 35569 | Shoals:2 | Found a runed translucent door.
 36125 | Shoals:3 | Noticed a kraken
 36143 | Shoals:3 | Killed a kraken
 36381 | Shoals:3 | Reached XP level 18. HP: 134/134 MP: 30/30
 36725 | Shoals:4 | Entered Level 4 of the Shoals
 36983 | Shoals:4 | Got a barnacled rune of Zot
 38712 | Vaults:1 | Entered Level 1 of the Vaults
 39354 | Abyss:2  | Cast into level 2 of the Abyss (a wizard)
 39586 | Abyss:2  | Reached XP level 19. HP: 128/144 MP: 32/32
 39759 | Abyss:2  | Noticed a bone dragon
 39836 | Abyss:2  | Killed a bone dragon
 39849 | Abyss:2  | Noticed a bone dragon
 39863 | Abyss:2  | Noticed a Hell Sentinel
 39903 | Vaults:1 | Escaped the Abyss
 40062 | Vaults:1 | Noticed Zenata
 40080 | Vaults:1 | HP: 4/147 [Zenata/+5 executioner's axe of electrocution
                  | (36)]
 40096 | Vaults:1 | Killed Zenata
 40803 | Vaults:1 | Noticed a bone dragon
 40859 | Vaults:1 | Killed a bone dragon
 41026 | Vaults:1 | Reached skill level 15 in Fighting
 41614 | Vaults:1 | Got the Vademecum on Calefaction
 42248 | Vaults:1 | Got the Lessons on Guile
 42670 | Vaults:2 | Reached XP level 20. HP: 162/165 MP: 34/34
 43324 | Vaults:2 | You fall into a shaft and drop 1 floor!
 44101 | Abyss:2  | Cast into level 2 of the Abyss (a wizard)
 44625 | Vaults:3 | Escaped the Abyss
 45728 | Vaults:3 | Identified the ring of Ymimug {Will+ Int+5}
 45774 | Vaults:3 | Found a staircase to the Crypt.
 46564 | Vaults:4 | Found Zyhi's Armour Shoppe.
 46647 | Vaults:4 | Found Avaypp's Magic Scroll Shoppe.
 46959 | Vaults:4 | Reached XP level 21. HP: 183/183 MP: 35/35
 47232 | Vaults:4 | Reached skill level 25 in Polearms
 47735 | Vaults:4 | Bought a scroll of magic mapping for 157 gold pieces
 47735 | Vaults:4 | Bought a scroll of teleportation for 63 gold pieces
 47735 | Vaults:4 | Bought a scroll of teleportation for 63 gold pieces
 47735 | Vaults:4 | Bought a scroll of teleportation for 63 gold pieces
 48105 | D:8      | Killed BlueFalcon's ghost
 48423 | Snake:2  | Found a large runed translucent door.
 48423 | Snake:2  | Found a large runed translucent door.
 48426 | Snake:2  | Noticed Bunnuime's ghost (adept DECj)
 48582 | Snake:2  | Killed Bunnuime's ghost
 48623 | Snake:2  | Got the Handbook of Displaced Bedrock
 48662 | Snake:3  | Noticed Mara
 48671 | Snake:3  | Killed Mara
 48994 | Snake:3  | Noticed Donald
 49012 | Snake:3  | Killed Donald
 49407 | Snake:3  | Reached skill level 26 in Polearms
 49502 | Snake:4  | Entered Level 4 of the Snake Pit
 49630 | Snake:4  | Identified a scroll of acquirement
 49721 | Snake:4  | Acquired a manual of Evocations
 49744 | Snake:4  | Found a glowing silver altar of Zin.
 50362 | Snake:4  | Reached skill level 27 in Polearms
 50634 | Snake:4  | Got a serpentine rune of Zot
 50842 | Elf:1    | Entered Level 1 of the Elven Halls
 51591 | Elf:1    | Got the Precepts of Confrontation
 51593 | Elf:1    | Acquired a manual of Hexes
 51624 | Elf:1    | Reached XP level 22. HP: 190/190 MP: 36/36
 51688 | Elf:1    | Acquired the ring "Ikhlesky" {Fly Will+ Dex+2}
 52288 | Elf:1    | Paralysed by an air elemental for 1 turns
 52411 | Elf:1    | Identified the +9 dagger of the Unkillable {flame, Will+
                  | Str+7 Int+4}
 52539 | Elf:1    | Reached skill level 1 in Short Blades
 52692 | Elf:2    | Found a huge runed translucent gate.
 52692 | Elf:2    | Found a huge runed translucent gate.
 52692 | Elf:2    | Found a huge runed translucent gate.
 52693 | Elf:2    | Found a huge runed translucent gate.
 52693 | Elf:2    | Found a huge runed translucent gate.
 52957 | Elf:2    | Reached skill level 5 in Short Blades
 53258 | Elf:2    | Acquired a manual of Throwing
 54122 | Elf:3    | Entered Level 3 of the Elven Halls
 54275 | Abyss:2  | Cast into level 2 of the Abyss (a deep elf demonologist)
 54302 | Abyss:2  | Paralysed by accursed screaming for 1 turns
 54386 | Elf:3    | Escaped the Abyss
 54683 | Elf:3    | Identified the +1 arbalest "Toefeyn" {elec, Drain Dex+7
                  | Stlth+}
 54701 | Elf:3    | Identified the +4 rapier of Pain and Death {vorpal, Int+3}
 54833 | Elf:3    | Identified the +13 plate armour of Existentialism {Dex+3}
 54838 | Elf:3    | Got the Handbook of the Spellbinding Barrage
 54870 | Elf:3    | Identified the +0 chain mail of Yguol {*Slow rCorr Int+7
                  | Stlth-}
 55012 | Elf:3    | Found Cievy's Antique Armour Emporium.
 55015 | Elf:3    | Bought a runed scarf for 296 gold pieces
 55757 | Slime:1  | Entered Level 1 of the Pits of Slime
 55925 | Slime:1  | Reached XP level 23. HP: 193/196 MP: 38/38
 56875 | Slime:3  | Paralysed by a floating eye for 2 turns
 59348 | Slime:5  | Entered Level 5 of the Pits of Slime
 59477 | Slime:5  | Noticed the Royal Jelly
 59815 | Slime:5  | Found a viscous altar of Jiyva.
 59817 | Slime:5  | Found the +8 demon trident "Rift" {distort, reach+}
 59999 | Slime:5  | Killed the Royal Jelly
 60049 | Slime:5  | HP: 5/196 [acid[the Royal Jelly] (8)]
 60049 | Slime:5  | Slain by a rockslime

Illustrated notes

Levels and vault maps discovered:
D:1:      matt_arrival_refuge, layout_basic, serial_shops, shop_statue,
          nicolae_shop_behind_doors, shop_coins,
          nicolae_shop_competitors_out_of_business, shop,
          shapermc_ecumenical_altar_flowoftime, kennysheep_nondescript
D:2:      layout_rooms
D:3:      layout_loops_ring, lemuel_round_altar, uniq_jessica
D:4:      layout_basic, nicolae_hepliaklqana_hazy_memory,
          mainiacjoe_overflow_catwalk
D:5:      corexii_shack_village, layout_rooms,
          mainiacjoe_overflow_concentric_impassable, uniq_grinder, uniq_duvessa,
          uniq_pikel
D:6:      layout_layer_cave, kiku_gazebo_pond_becter, yredelemnul_altar_generic,
          temple_fountains
D:7:      layout_basic, serial_co_window_serial, co_window_paths_a,
          co_window_paths_a, co_window_of_opportunity_a, co_window_paths_a,
          co_window_paths_a, co_window_corner_ca, co_window_broadway_b,
          co_window_broadway_b, co_window_of_opportunity_b, co_window_corner_b,
          co_window_broadway_c, co_window_corner_b, co_window_4corner_b,
          glass_columns_a, glass_columns_a, glass_columns_b, glass_columns_a,
          dreamdust_gnoll_shepherd
D:8:      layout_basic, mainiacjoe_overflow_boulevard, old_standard_altar,
          gammafunk_ghost_arena, abandoned_shop, grunt_decor_clamped
D:9:      layout_gridville, david_orc_2, minivault_7
D:10:     layout_loops_ring, mainiacjoe_overflow_divided_tiny,
          dpeg_oklobed_lair, uniq_urug, uniq_fannar
D:11:     layout_cave_pools, nicolae_trove_entry_free_sample,
          kennysheep_opposing_triangles, uniq_erica
D:12:     wad_woods_structure_01, layout_basic, gauntlet_entry_generic
D:13:     layout_cave_pools, hangedman_vaults_entry_quadrant_bands,
          mikee_hates_you, uniq_sonja
D:14:     layout_roguey, serial_rivers, chequers_serial_rivers_small_b,
          chequers_serial_rivers_micro_c, chequers_serial_rivers_large_b,
          chequers_serial_rivers_micro_d, serial_shops, kennysheep_little_box
D:15:     gammafunk_depths_entry_grave, layout_irregular_city, serial_shops,
          nicolae_shop_advertising_works [nicolae_subvault_shop_adworks],
          led_sif_pool
Temple:   nicolae_temple_bog_church
Lair:1:   layout_gridlike, kennysheep_rathole
Lair:2:   layout_hall_layers, shoals_dummy_entry,
          minmay_snake_entry_guardpost_small, chequers_serial_rivers_small_3,
          lemuel_fruit_fields
Lair:3:   layout_long_grid, guppyfry_lair_drakes
Lair:4:   layout_cave_pods, hibernation_bobbens
Lair:5:   hangedman_lair_caniforms_friends, layout_cave_pods, wormcave,
          minmay_slime_entry_oklob_enclosed, grunt_megastairs_2
Shoals:1: layout_shoals
Shoals:2: cheibrodos_shoals_roost, layout_shoals, lemuel_altar_in_water,
          lightli_airlock
Shoals:3: layout_shoals
Shoals:4: shoals_end_grunt_ice, layout_shoals, nicolae_shoals_mertower
Snake:1:  layout_cave_shapes, st_stairs_11, uniq_kirke
Snake:2:  layout_cave_shapes, serial_shops, shop, ebering_ghost_disaster_area,
          grunt_ministairs_6, nicolae_snake_slithery_hallway, uniq_saint_roka
Snake:3:  layout_gridlike, uniq_donald, uniq_mara
Snake:4:  grunt_snake_rune_serpentine_throne, layout_onion_interference,
          basic_altar, nicolae_snake_salamander_zone
Slime:1:  layout_caves
Slime:2:  layout_caves, nicolae_slime_barrier
Slime:3:  layout_caves
Slime:4:  layout_caves
Slime:5
Orc:1:    layout_caves, basic_altar, nicolae_specific_store, mines2_david
Orc:2:    hellmonk_orc_salted, layout_caves, nicolae_shop_firing_range
Elf:1:    layout_loops_corners, minmay_elf_annihilation,
          dreamdust_deal_with_the_devil
Elf:2:    elven_hall_of_blades_hangedman_alternative
          [nicolae_blade_entry_area_security], layout_onion_city,
          item_on_display_a
Elf:3:    minmay_elf_hall_dome, layout_gridlike, serial_shops, shop
Vaults:1: v_rooms_5, ontoclasm_vaults_eye, nicolae_vaults_network_periphery,
          nicolae_vaults_hallways_thing, v_rooms_4, ontoclasm_vaults_twist,
          v_misc_2, hangedman_vaults_maws, st_diamondy, v_misc_24,
          ontoclasm_vaults_ring_large, vaults_room_pool,
          layout_vaults_maze_bifur, serial_hangedman_research,
          hangedman_research_pyrotechnics, hangedman_research_thanatology,
          hangedman_research_probablistics, uniq_zenata
Vaults:2: grunt_vaults_twisty, vaults_mumra_chevron_long,
          ontoclasm_vaults_pinch, hangedman_vaults_locks,
          nicolae_vaults_asterisk, hangedman_vaults_slice,
          nicolae_vaults_alarming, nicolae_vaults_sealed_display,
          ontoclasm_vaults_chip, special_room_vaults [special_room_orc],
          layout_vaults_chaotic_city
Vaults:3: hangedman_vaults_capsules, vaults_room_pools, vaults_room_grid,
          vaults_mumra_chevron, v_misc_10, minmay_crypt_entry_simple_sparse,
          layout_vaults_quadrants
Vaults:4: v_misc_12, nicolae_vaults_stairing_the_circle, v_misc_32, v_pattern_1,
          vaults_room_pools, v_misc_11, vaults_mumra_hexcomb,
          vaults_room_semicircle, nicolae_vaults_little_squares_1,
          vaults_room_door_ring, v_alt_pattern_3,
          nicolae_vaults_diagonal_hallway_7, v_misc_17,
          vaults_dpeg_encased_lava, layout_vaults_omnibox, serial_shops, shop,
          nicolae_square_shop

Skill      XL: |  1  2  3  4  5  6  7  8  9 10 11 12 13 14 15 16 17 18 19 20 21 22 23 |
---------------+----------------------------------------------------------------------+-----
Polearms       | 5 6 7 8 10 13 16 19 20 21 24 27 | 27.0
Dodging        | 5 6 10 14 18 22 24 26 | 26.1
Stealth        | 4 5 10 | 10.0
Fighting       | 4 6 8 10 11 16 20 | 20.0
Invocations    | 5 9 14 15 16 19 20 22 23 | 23.3
Throwing       | 6 |  6.0
Short Blades   | 5 |  5.0

Action                   |  1- 3 |  4- 6 |  7- 9 | 10-12 | 13-15 | 16-18 | 19-21 | 22-24 || total
-------------------------+-------+-------+-------+-------+-------+-------+-------+-------++-------
Melee: Trident           |   134 |   271 |   343 |       |       |       |       |       ||   748
       Punch             |       |     3 |     4 |       |       |       |       |       ||     7
       Tailslap          |       |     1 |       |       |     5 |    32 |       |       ||    38
       Halberd           |       |       |    54 |   749 |  1402 |       |       |       ||  2205
       Quarterstaff      |       |       |       |    21 |    99 |     3 |       |       ||   123
       Bardiche          |       |       |       |       |   231 |  1441 |  1455 |   887 ||  4014
       Dagger            |       |       |       |       |       |       |     5 |     8 ||    13
Throw: Throwing net      |     3 |       |     1 |     3 |     7 |     2 |     5 |     1 ||    22
       Dart              |       |     4 |    26 |    40 |    31 |    12 |    36 |     5 ||   154
       Javelin           |       |     1 |     1 |     7 |    18 |     1 |       |     3 ||    31
       Boomerang         |       |       |       |       |       |       |       |     1 ||     1
Invok: Recite            |       |       |       |     1 |    15 |    24 |    37 |    14 ||    91
       Vitalisation      |       |       |       |     4 |    13 |     9 |    16 |     9 ||    51
       Imprison          |       |       |       |       |     2 |       |     2 |     6 ||    10
       Sanctuary         |       |       |       |       |       |     2 |     1 |     1 ||     4
Evoke: Wand              |       |       |       |     4 |       |       |     1 |     5 ||    10
  Use: Scroll            |     2 |     5 |     3 |     9 |    13 |     4 |     5 |     5 ||    46
       Potion            |     1 |     1 |     1 |     2 |       |     1 |     3 |     8 ||    17
 Stab: Sleeping          |     2 |     3 |     1 |     4 |    25 |    29 |    35 |    24 ||   123
       Held in net/web   |     3 |       |       |     2 |     7 |     2 |     1 |     2 ||    17
       Invisible         |       |     2 |     1 |       |     7 |     1 |     1 |       ||    12
       Distracted        |       |       |       |     4 |     6 |    10 |    14 |     6 ||    40
       Paralysed         |       |       |       |       |    18 |     4 |    13 |     5 ||    40
       Confused          |       |       |       |       |     8 |    20 |    52 |    20 ||   100
Armor: Leather armour    |    30 |    70 |    74 |   103 |       |       |       |       ||   277
       Troll leather arm |       |       |       |   101 |   406 |   100 |    88 |    78 ||   773
       Ring mail         |       |       |       |       |       |     6 |       |       ||     6
Dodge: Dodged            |    77 |   133 |   168 |   547 |  1584 |  1419 |  1121 |   752 ||  5801
Block: Buckler           |       |       |     2 |       |       |       |       |       ||     2
       Other             |       |       |       |       |       |       |   120 |   126 ||   246
       Reflection        |       |       |       |       |       |       |     8 |    13 ||    21
